 Dungeon Crawl Stone Soup version 0.28-a0-1616-g050a50673c (webtiles) character file.

Game seed: 14163530612127908387

3186 dhel the Thaumaturge (level 10, -8/60 HPs)
             Began as a Djinni Fire Elementalist on Jan 23, 2022.
             Was a Follower of Makhleb.
             Mangled by Harold (17 damage)
             ... on level 7 of the Dungeon.
             The game lasted 00:32:50 (8810 turns).

dhel the Thaumaturge (Djinni Fire Elementalist)     Turns: 8810, Time: 00:32:51

Health: -8/60      AC:  6    Str:  7    XL:     10   Next: 16%
Gold:   620        EV: 12    Int: 21    God:    Makhleb [*.....] SH:  0 Dex: 14

rFire   + + .      SeeInvis .   p - +0 dagger (venom)
rCold   x . .      Faith    .   (no shield)
rNeg    . . .      Spirit   .   a - +0 robe
rPois   ∞          Reflect  .   r - +2 helmet
rElec   .          Harm     .   J - +0 cloak
rCorr   .          Rampage  .   (no gloves)
Will    ++...                   (boots unavailable)
Stlth   ++........              (no amulet)
HPRegen 0.20/turn               L - ring of willpower
MPRegen 0.00/turn               (no ring)

@: flying
A: sickness immunity, fire resistance 2, cold vulnerability 1, float, innate
caster, hp casting, extra vitality 1
a: Renounce Religion


You were on level 7 of the Dungeon.
You worshipped Makhleb.
Makhleb was aware of your devotion.
You visited 2 branches of the dungeon, and saw 8 of its levels.
You also visited: Sewer and Bailey.

You collected 620 gold pieces.

Inventory:

Hand Weapons
 e - a +2 dagger of electrocution
 j - a +3 dagger
 l - a +0 hunting sling of freezing
 p - a +0 dagger of venom (weapon)
 s - a +0 trident
 E - a +3 hand axe of electrocution
 F - a +0 short sword of protection
 I - a +3 quarterstaff of chaos
 R - a +1 broad axe of flaming
Missiles
 i - 3 boomerangs of dispersal
 m - 106 stones
Armour
 a - a +0 robe (worn)
 q - a +0 leather armour
 r - a +2 helmet (worn)
 x - a +0 chain mail of fire resistance
 J - a +0 cloak (worn)
 S - +0 swamp dragon scales
Magical Staves
 g - a staff of earth
Jewellery
 L - a ring of willpower (left hand)
Wands
 t - a wand of acid (11)
 w - a wand of flame (7)
 z - a wand of polymorph (13)
 Q - a wand of digging (1)
Scrolls
 b - a scroll of noise
 f - a scroll of summoning {unknown}
 h - a scroll of enchant weapon {unknown}
 k - a scroll of immolation {unknown}
 n - 6 scrolls of identify
 v - 2 scrolls of blinking {unknown}
 y - 4 scrolls of fog {unknown}
 C - 3 scrolls of fear {unknown}
 D - a scroll of teleportation {unknown}
 G - 2 scrolls of enchant armour {unknown}
 M - a scroll of silence {unknown}
 N - a scroll of magic mapping {unknown}
 O - a scroll of amnesia {unknown}
 P - a scroll of torment {unknown}
Potions
 c - 3 potions of curing
 d - 5 potions of flight
 o - 2 potions of lignification {unknown}
 u - 2 potions of mutation {unknown}
 A - 2 potions of magic {unknown}
 B - 3 potions of haste {unknown}
 H - a potion of brilliance {unknown}
 K - a potion of attraction {unknown}


   Skills:
 - Level 2.3 Dodging
 - Level 1.7 Stealth
 + Level 10.8 Spellcasting


You had 8 spell levels left.
You knew the following spells:

 Your Spells              Type           Power      Damage    Failure   Level
a - Foxfire               Conj/Fire      100%       2x1d9     1%          1
b - Scorch                Fire           100%       2d10      1%          2
c - Conjure Flame         Conj/Fire      54%        6-21      1%          3
d - Inner Flame           Hex/Fire       54%        N/A       1%          3
e - Flame Wave            Conj/Fire      54%        2d11      1%          4
f - Sandblast             Erth           100%       2d20      1%          1
g - Wereblood             Tmut           54%        N/A       1%          2
h - Static Discharge      Conj/Air       54%        N/A       1%          2
i - Dispel Undead         Necr           54%        3d20      1%          4
Your spell library was empty.

Dungeon Overview and Level Annotations

Branches:
Dungeon (7/15)             Temple (1/1) D:4           Sewer (visited)
 Bailey (visited)

Altars:
Ashenzari
Cheibriados
Dithmenos
Elyvilon
Fedhas
Gozag
Hepliaklqana
Kikubaaqudgha
Makhleb
Nemelex Xobeh
Qazlal
Ru
Trog
Uskayaw
Wu Jian
Yredelemnul
The Shining One

Shops:
D:5 *?[*?

Annotations:
D:7 Harold


Innate Abilities, Weirdness & Mutations

You are immune to sickness and miasma.
You are immune to poison.
Your flesh is very heat resistant. (rF++)
You are vulnerable to cold. (rC-)
You float through the air rather than walking.
You learn spells naturally, not from books.
Your magical power is your life essence.
You have superior vitality. (+4 MHP)


Message History

Harold fires a harpoon shot at you. The harpoon shot misses you.
Casting: Conjure Flame (safe; 1% risk of failure)
Confirm with . or Enter, or press ? or * to list all spells.
The fire begins to smoulder!
Harold closely misses you.
The fire ignites!
Harold throws a throwing net.
The throwing net hits you.
You become entangled in the net!
You see here a throwing net.
You struggle against the net.
You tear a large gash into the net.
Harold points at you and mumbles some strange words.
You barely resist.
You struggle against the net.
You rip the net and break free!
Harold casts a spell at you.
You barely resist.
Casting: Conjure Flame (safe; 1% risk of failure)
Confirm with . or Enter, or press ? or * to list all spells.
Flames lash Harold.
Harold is lightly wounded.
Harold's fire resistance burns away.
Harold throws a throwing net.
The throwing net barely misses you.
Casting: Scorch (safe; 1% risk of failure)
Confirm with . or Enter, or press ? or * to list all spells.
Flames lash Harold.
Harold is burned terribly!
Harold is moderately wounded.
Harold fires a harpoon shot at you. The harpoon shot hits you!
You are yanked forward by the harpoon shot.
As you read the scroll labelled NEMUJIMAXT, it crumbles to dust.
It is a scroll of identify.
c - 4 potions of curing You are engulfed in blazing flames.
You resist.
Harold hits you with a +3 glaive of protection!!
* * * LOW HITPOINT WARNING * * *
You feel better.
You are engulfed in blazing flames.
You resist.
* * * LOW HITPOINT WARNING * * *
Harold hits you with a +3 glaive of protection!
You die...

######### #.......#
#.#####.# ##.#####.#
#########........#
#..@@.....(##.##.#
......########.##.##.#
.##.# #.......# ..
#.####..# . #.####>.#
#.......# ######.##
#.# ##.##


You could see Harold (combustible).

Vanquished Creatures
  Maggie (D:6)
  Prince Ribbit (D:6)
  Sigmund (D:2)
  2 vampire mosquitoes (D:6)
  A water moccasin (D:6)
  Pargi (Sewer)
  6 orc warriors
  2 ogres
  A phantom (D:5)
  2 kobold brigands
  Blork the orc (D:5)
  A bullfrog (D:7)
  A wyvern zombie (D:6)
  A wyvern skeleton (D:6)
  A water moccasin skeleton (D:5)
  A howler monkey (D:4)
  A centaur zombie (D:7)
  3 iron imps (D:6)
  A jelly (D:3)
  Crazy Yiuf (D:5)
  An orc priest (D:5)
  A hound (D:5)
  A bullfrog skeleton (D:5)
  5 iguanas
  Terence (D:3)
  Ijyb (D:4)
  2 orc wizards
  A hound zombie (D:5)
  2 gnolls (Bailey)
  A howler monkey skeleton (D:7)
  6 adders
  A shadow imp (D:7)
  3 white imps
  3 adder skeletons (D:4)
  An adder zombie (D:5)
  2 worms
  4 dart slugs
  10 orcs
  8 ball pythons
  8 endoplasms
  9 giant cockroaches
  19 goblins
  17 hobgoblins
  13 jackals
  6 quokkas
  3 bats
  A frilled lizard (D:2)
  A jackal skeleton (D:4)
  26 kobolds
  6 rats
193 creatures vanquished.

Vanquished Creatures (others)
  488 foxfires
488 creatures vanquished.

Grand Total: 681 creatures vanquished

Notes
Turn   | Place    | Note
-------+----------+-------------------------------------------
     0 | D:1      | dhel the Djinni Fire Elementalist began the quest for the
                  | Orb.
     0 | D:1      | Reached XP level 1. HP: 15/15 MP: 0/0
   286 | D:1      | Reached XP level 2. HP: 20/21 MP: 0/0
   573 | D:1      | Reached skill level 3 in Spellcasting
   653 | D:1      | Reached XP level 3. HP: 24/25 MP: 0/0
   653 | D:1      | Learned a level 1 spell: Sandblast
  1180 | D:2      | Reached XP level 4. HP: 22/31 MP: 0/0
  1388 | D:2      | Found a blossoming altar of Fedhas.
  1883 | D:2      | Noticed Sigmund
  1892 | D:2      | Reached skill level 4 in Spellcasting
  1903 | D:2      | Killed Sigmund
  1904 | D:2      | Reached skill level 5 in Spellcasting
  1904 | D:2      | Reached XP level 5. HP: 13/35 MP: 0/0
  1904 | D:2      | Learned a level 2 spell: Wereblood
  1904 | D:2      | Reached XP level 6. HP: 15/40 MP: 0/0
  3161 | D:3      | Noticed an ogre
  3163 | D:3      | Noticed Terence
  3165 | D:3      | Killed an ogre
  3166 | D:3      | Reached XP level 7. HP: 41/45 MP: 0/0
  3166 | D:3      | Learned a level 2 spell: Static Discharge
  3187 | D:3      | Killed Terence
  3853 | D:4      | Found a broken altar of Ashenzari.
  3866 | D:4      | Reached skill level 6 in Spellcasting
  4000 | D:4      | Found a staircase to the Ecumenical Temple.
  4010 | Temple   | Entered the Ecumenical Temple
  4294 | D:4      | Found a hazy altar of Hepliaklqana.
  4460 | D:4      | Noticed Ijyb
  4467 | D:4      | Killed Ijyb
  4623 | D:4      | Found a glowing golden altar of the Shining One.
  4709 | D:4      | Noticed a +0 dagger
  4710 | D:4      | Noticed a +0 hand axe
  4713 | D:4      | Found a hide-covered altar of Uskayaw.
  5088 | D:5      | Entered Level 5 of the Dungeon
  5295 | D:5      | Reached XP level 8. HP: 43/50 MP: 0/0
  5303 | D:5      | Reached skill level 7 in Spellcasting
  5454 | D:5      | Found Kuyseuh's Magic Scroll Shoppe.
  5460 | D:5      | Found Nolulubb's General Store.
  5470 | D:5      | Found Miozxein's Antique Armour Emporium.
  5470 | D:5      | Found Laakhlo's Magic Scroll Shoppe.
  5470 | D:5      | Found Onwiasm's Assorted Antiques.
  5520 | D:5      | Noticed Blork the orc
  5531 | D:5      | Killed Blork the orc
  5533 | D:5      | Found a runed translucent door.
  5534 | D:5      | Noticed Crazy Yiuf
  5583 | D:5      | Found a glowing drain.
  5613 | Sewer    | Entered a sewer
  6060 | Sewer    | Noticed Pargi
  6070 | Sewer    | Killed Pargi
  6159 | D:5      | Killed Crazy Yiuf
  6281 | D:5      | Reached skill level 8 in Spellcasting
  6692 | D:6      | Reached XP level 9. HP: 23/55 MP: 0/0
  6692 | D:6      | Learned a level 4 spell: Dispel Undead
  6945 | D:6      | Found an opulent altar of Gozag.
  6974 | D:6      | Reached skill level 9 in Spellcasting
  7003 | D:6      | Noticed Maggie
  7346 | D:6      | Noticed Prince Ribbit
  7383 | D:6      | Killed Prince Ribbit
  7560 | D:6      | Found a burning altar of Makhleb.
  7583 | D:6      | Became a worshipper of Makhleb the Destroyer
  7631 | D:6      | Killed Maggie
  7632 | D:6      | Reached skill level 10 in Spellcasting
  7911 | D:7      | Found a flagged portal.
  7989 | Bailey   | Entered a bailey
  8133 | Bailey   | Reached XP level 10. HP: 50/60 MP: 0/0
  8353 | Bailey   | Reached * piety under Makhleb
  8793 | D:7      | Noticed Harold
  8810 | D:7      | Mangled by Harold

Illustrated notes

Levels and vault maps discovered:
D:1:      matt_arrival_spirals, layout_basic
D:2:      cheibrodos_greedy_goblins, layout_basic, basic_altar, uniq_sigmund
D:3:      layout_basic, uniq_terence
D:4:      layout_loops_ring, dancing_weapons_uskayaw, tso_metal_star,
          mainiacjoe_overflow_boulevard, mainiacjoe_overflow_catwalk,
          minmay_temple_entry_hall, item_on_display_b, uniq_ijyb
D:5:      layout_cave_pods, portal_sewer_entry_f, st_stairs_10,
          nicolae_wooded_promenade, uniq_crazy_yiuf_cottage, uniq_blork_the_orc
D:6:      layout_rooms, nicolae_overflow_crystal_walls, demons_altar,
          uniq_prince_ribbit1, uniq_maggie
D:7:      layout_loops_cross, marbit_many_paths, xom_butterflies,
          enter_bailey_5, feat_on_display, uniq_harold
Temple:   minmay_temple_curvy_loop

Skill      XL: |  1  2  3  4  5  6  7  8  9 |
---------------+----------------------------+-----
Spellcasting   | 3 5 6 8 10 | 10.8
Dodging        | |  2.3
Stealth        | |  1.7

Action                   |  1- 3 |  4- 6 |  7- 9 | 10-12 || total
-------------------------+-------+-------+-------+-------++-------
Melee: Unarmed           |     1 |       |       |       ||     1
       Dagger            |       |     1 |     1 |       ||     2
       Punch             |       |       |     1 |       ||     1
 Cast: Foxfire           |    36 |    62 |   170 |    24 ||   292
       Scorch            |     1 |    11 |    59 |    17 ||    88
       Conjure Flame     |       |     2 |     6 |     5 ||    13
       Flame Wave        |       |       |     2 |       ||     2
       Sandblast         |       |       |     7 |       ||     7
       Dispel Undead     |       |       |     2 |     2 ||     4
       Static Discharge  |       |       |     2 |       ||     2
       Inner Flame       |       |       |       |     1 ||     1
  Use: Scroll            |       |       |     1 |     1 ||     2
       Potion            |       |       |       |     1 ||     1
Armor: Robe              |     2 |     1 |    17 |     1 ||    21
Dodge: Dodged            |     5 |    14 |    35 |     7 ||    61

Table legend: (Time is in decaauts)
 A = Elapsed time spent in this place.
 B = Non-inter-level travel time spent in this place.
 C = Inter-level travel time spent in this place.
 D = Time resting spent in this place.
 E = Time spent auto-exploring this place.
 F = Levels seen in this place.
 G = Mean time per level.
                   A        B        C        D        E       F      G
               +--------+--------+--------+--------+--------+-----+--------+
         Total |   8795 |   8608 |    187 |   1975 |   4819 |  10 |  879.5 |
       Dungeon |   7374 |   7210 |    164 |   1506 |   4314 |   7 | 1053.4 |
        Temple |    240 |    217 |     23 |      0 |    213 |   1 |  240.0 |
         Sewer |    494 |    494 |      0 |    212 |    235 |   1 |  494.0 |
        Bailey |    685 |    685 |      0 |    257 |     57 |   1 |  685.0 |
               +--------+--------+--------+--------+--------+-----+--------+

Top non-repeatable levels by time:
     D:2: 1730 daAuts
     D:5: 1295 daAuts
     D:4: 1102 daAuts
     D:3: 1039 daAuts
     D:6: 974 daAuts
     D:1: 973 daAuts
  Bailey: 685 daAuts
   Sewer: 494 daAuts
     D:7: 259 daAuts
  Temple: 240 daAuts
